cohdb
Replays
Latest Replays
All Replays
Popular Replays
Top Player Replays
Match Explorer
How It Works
Community
CoH3 Stats
Reddit
Sign in to upload your games and track your stats! →
Sign in with Steam
Match 41852720
Unlisted
Match 41852720
Overview
Messages
Build Orders
End
Kradschützen Motorcycle Team
Panzerpioneer Squad
Selects Italian Combined Arms Battlegroup
Selects Bersaglieri Squad
Panzerpioneer Squad
Panzerpioneer Squad
Construct Light Support Kompanie
2.5-tonne Medical Truck
Assault Grenadier Squad
MG34 Team
Panzerjäger Mechanized Group
Construct Mechanized Kompanie
Selects Semovente da 75/18 Assault Gun
Selects Carro Armato M13/40 Light Tank
Carro Armato M13/40 Light Tank
Carro Armato M13/40 Light Tank
Veteran Squad Leaders
Selects Pact of Steel
Carro Armato M13/40 Light Tank
tslkg
只愛❤毛妹
0
0
Comments
sign in to comment!
No comments posted yet!